AoeStats
← Lupin

African Clearing

511084834Analyzed
3v3 RM · 6h ago on Oct 3, 2026· 53m 15s· 6 players
Game mode
Random Map
Map size
Normal (6 player)
Population
200
Speed
Normal
Resources
Standard
Victory
Conquest
Starting age
Dark Age
Ending age
Imperial Age
RankedLock teamsTeams togetherTeam positionsShared explorationLock speedFull tech treeHidden civsTurbo modeCheats
Victory
Defeat
🇩🇪 Italians · Germany
1396
+17
🇩🇪 Vietnamese · Germany
1306
+21
🇩🇪 Persians · Germany
1273
+22
🇳🇱 Danes · Netherlands
1524
-25
🇳🇱 Tatars · Netherlands
1413
-20
🇳🇱 Varangians · Netherlands
1297
-15
Lupin
7:38 Loom
13:27 Feudal Age
15:37 Double-Bit Axe
18:34 Castle Age
17:07 Gold Mining
17:37 Horse Collar
18:14 Fletching
18:26 Padded Archer Armor
19:54 Bodkin Arrow
20:36 Elite Skirmisher
29:26 Bow Saw
29:22 Town Watch
32:26 Heavy Plow
34:20 Leather Archer Armor
39:52 Crossbowman
45:27 Imperial Age
43:39 Wheelbarrow
43:56 Bloodlines
43:47 Husbandry
48:21 Chemistry
47:57 Ballistics
47:49 Masonry
47:56 Heavy Cavalry Archer
49:32 Hand Cart
49:18 Town Patrol
49:52 Bracer
Mr president
8:26 Loom
13:16 Feudal Age
17:20 Castle Age
17:31 Horse Collar
17:39 Double-Bit Axe
19:30 Bow Saw
19:58 Bloodlines
24:48 Gold Mining
25:37 Wheelbarrow
25:47 Scale Barding Armor
29:18 Heavy Plow
36:27 Forging
36:28 Husbandry
42:17 Imperial Age
42:18 Vendel Legacy
43:02 Cavalier
44:50 Chain Barding Armor
45:48 Onager
47:49 Hand Cart
49:37 Siege Engineers
50:22 Iron Casting
50:23 Plate Barding Armor
bosaap12
12:29 Feudal Age
16:23 Castle Age
14:29 Double-Bit Axe
19:31 Scale Mail Armor
20:40 Loom
22:08 Forging
22:15 Arson
22:54 Squires
24:25 Chain Mail Armor
26:11 Gold Mining
43:44 Imperial Age
41:07 Pikeman
42:33 Bow Saw
43:14 Wheelbarrow
44:14 Iron Casting
43:49 Onager
46:28 Chemistry
47:59 Siege Onager
Chili
8:23 Loom
13:23 Feudal Age
17:21 Castle Age
15:12 Double-Bit Axe
15:43 Stone Mining
16:03 Gold Mining
16:33 Fletching
18:39 Bodkin Arrow
21:35 Padded Archer Armor
23:08 Bow Saw
29:22 Ballistics
29:57 Leather Archer Armor
31:33 Wheelbarrow
30:43 Horse Collar
37:08 Heavy Plow
37:35 Hand Cart
41:10 Imperial Age
40:21 Herbal Medicine
42:14 Scale Mail Armor
42:31 Squires
43:13 Chain Mail Armor
43:01 Bracer
45:28 Plate Mail Armor
45:29 Forging
46:21 Chemistry
45:56 Coinage
46:21 Stone Shaft Mining
46:36 Ring Archer Armor
46:45 Iron Casting
47:21 Masonry
47:07 Murder Holes
46:58 Light Cavalry
47:49 Bloodlines
47:39 Husbandry
47:46 Scale Barding Armor
48:23 Hoardings
48:09 Conscription
47:45 Arson
47:50 Hussar
50:36 Blast Furnace
49:57 Chain Barding Armor
51:18 Architecture
52:17 Thumb Ring
53:56 Plate Barding Armor
53:53 Banking
ApolL0sS
8:23 Loom
12:35 Feudal Age
13:11 Double-Bit Axe
22:51 Castle Age
21:52 Bloodlines
22:17 Scale Barding Armor
22:18 Stone Mining
23:44 Bow Saw
24:23 Horse Collar
27:20 Husbandry
32:51 Gold Mining
36:57 Fletching
40:02 Imperial Age
37:49 Bodkin Arrow
40:55 Chain Barding Armor
41:51 Kamandaran
42:17 Crossbowman
44:54 Chemistry
44:26 Thumb Ring
45:18 Ballistics
45:05 Padded Archer Armor
47:02 Cavalier
48:18 Plate Barding Armor
49:08 Forging
50:43 Iron Casting
DaD_Barbie
5:54 Loom
13:35 Feudal Age
17:52 Castle Age
16:32 Double-Bit Axe
19:58 Fletching
25:17 Town Watch
27:40 Bodkin Arrow
27:45 Padded Archer Armor
28:32 Town Watch
29:47 Wheelbarrow
31:35 Ballistics
31:56 Leather Archer Armor
32:02 Gold Mining
32:06 Stone Mining
33:14 Horse Collar
33:49 Bow Saw
33:49 Heavy Plow
35:29 Town Patrol
40:16 Imperial Age
40:38 Town Patrol
40:27 Elite Rattan Archer
41:14 Bracer
42:17 Chemistry
42:30 Paper Money
42:58 Ring Archer Armor
43:29 Murder Holes
45:40 Town Patrol
47:38 Hoardings
50:41 Masonry
50:37 Siege Engineers
51:29 Hand Cart
51:14 Town Patrol
Connection lost

Rejoining the realm…

Still unreachable

The connection could not be restored.

Session expired

The server has moved on; the page needs a fresh start.